 Dungeon Crawl Stone Soup version 0.29.1-14-g9c671dbff4 (webtiles) character file.

Game seed: 2465070158517212208

130 MacCMillion the Ruffian (level 4, -3/45 HPs)
             Began as a Troll Fighter on Feb 20, 2023.
             Slain by a kobold brigand
             ... wielding a +0 short sword
              (8 damage)
             ... in a sewer.
             The game lasted 00:03:54 (1819 turns).

MacCMillion the Ruffian (Troll Fighter)             Turns: 1819, Time: 00:03:55

Health: -3/45      AC:  5    Str: 24    XL:     4   Next: 89%
Magic:  3/3        EV:  8    Int:  6    God:
Gold:   128        SH:  7    Dex:  9    Spells: 3/3 levels left

rFire   . . .      SeeInvis .     - Unarmed
rCold   . . .      Faith    .   b - +0 kite shield
rNeg    . . .      Spirit   .   a - +0 robe
rPois   .          Reflect  .   (helmet restricted)
rElec   .          Harm     .   i - +0 cloak
rCorr   .          Rampage  .   (gloves unavailable)
Will    .....                   (boots unavailable)
Stlth   +.........              (no amulet)
HPRegen 0.95/turn               (no ring)
MPRegen 0.08/turn               (no ring)

@: slowed, very slow
A: large, unfitting armour, claws 3, regeneration 1, shaggy fur 1, tough skin 1
a: no special abilities


You were in a sewer.
You visited 1 branch of the dungeon, and saw 3 of its levels.
You also visited: Sewer.

You collected 128 gold pieces.

Inventory:

Missiles
 e - 6 javelins (quivered)
Armour
 a - a +0 robe (worn)
 b - a +0 kite shield (worn)
 i - a +0 cloak (worn)
Magical Staves
 j - a staff of earth
Jewellery
 n - a ring of magical power
 o - a ring of fire
Scrolls
 d - a scroll of magic mapping {unknown}
 f - 2 scrolls of identify {unknown}
 g - 2 scrolls of immolation {unknown}
 l - a scroll of torment {unknown}
 q - a scroll of teleportation {unknown}
Potions
 c - 2 potions of might
 h - 2 potions of curing
 k - 2 potions of heal wounds {unknown}
 m - a potion of berserk rage {unknown}
 p - a potion of mutation {unknown}


   Skills:
 + Level 3.1 Fighting
 - Level 2.4 Dodging
 + Level 3.4 Shields
 * Level 3.9 Unarmed Combat


You had 3 spell levels left.
You didn't know any spells.
Your spell library contained the following spells:

 Spells                   Type           Power      Damage    Failure   Level
 Freeze                   Ice            0%         1d3       75%         1
 Summon Small Mammal      Summ           0%         N/A       75%         1
 Ensorcelled Hibernation  Hex/Ice        0%         N/A       87%         2
 Call Canine Familiar     Summ           0%         N/A       98%         3
 Frozen Ramparts          Ice            0%         1d1       98%         3
 Spider Form              Tmut/Pois      0%         N/A       98%         3
 Summon Guardian Golem    Hex/Summ       0%         N/A       98%         3
 Anguish                  Hex/Necr       0%         N/A       100%        4
 Hailstorm                Conj/Ice       0%         3d3       100%        4


Dungeon Overview and Level Annotations

Branches:
Dungeon (3/15)              Sewer (1/1)

Altars:
Nemelex Xobeh


Innate Abilities, Weirdness & Mutations

You are too large for most types of armour.
You have claws for hands.
Your natural rate of healing is unusually fast.
You are covered in fur. (AC +1)
You have tough skin. (AC +1)


Message History

The kobold brigand shouts!
The kobold brigand throws a poisoned dart.
You block the poisoned dart.
The kobold brigand throws a curare-tipped dart.
The curare-tipped dart hits you.
You are poisoned.
You have difficulty breathing.
You feel yourself slow down.
You feel very sick.
The kobold brigand throws a poisoned dart.
The poisoned dart hits you!
You are more poisoned.
The kobold brigand throws a curare-tipped dart.
The curare-tipped dart hits you.
You are more poisoned.
You have difficulty breathing.
You feel as though you will be slow longer.
You feel extremely sick.
The kobold brigand hits you with a +0 club.
* * * LOW HITPOINT WARNING * * *
You block the kobold brigand's attack. The kobold brigand closely misses you.
The kobold brigand hits you with a +0 club.
* * * LOW HITPOINT WARNING * * *
Unknown command.
It was a potion of curing.
You feel better. You block the kobold brigand's attack.
The kobold brigand completely misses you.
You scratch the kobold brigand but do no damage.
You block the kobold brigand's attack. The kobold brigand closely misses you.
The kobold brigand barely misses you.
The kobold brigand hits you with a +0 club.
* * * LOW HITPOINT WARNING * * *
You scratch the kobold brigand.
The kobold brigand is lightly wounded.
The kobold brigand hits you with a +0 club.
* * * LOW HITPOINT WARNING * * *
The kobold brigand hits you with a +0 short sword.
* * * LOW HITPOINT WARNING * * *
The kobold brigand barely misses you.
The kobold brigand hits you with a +0 short sword!
You die...

~..### ?.. ..## .~.
~## #~# ~# #~# ~# #~#
~## ##~## # .~##
##...## ##.##
...#####~....####K~?.#
...~~~†~~...~...@K!~.#
.~.#####.....#####...#
~~## ##~.~## ### ###
#####


You could see 2 kobold brigands.

Vanquished Creatures
  5 adders
  A river rat (Sewer)
  2 dart slugs
  7 endoplasms
  4 giant cockroaches
  4 goblins
  9 hobgoblins
  4 jackals (D:1)
  5 kobolds
  2 quokkas (D:1)
  12 ball pythons
  7 bats
  3 frilled lizards (D:2)
  5 rats
70 creatures vanquished.

Vanquished Creatures (others)
  A fungus (D:2)
1 creature vanquished.

Grand Total: 71 creatures vanquished

Notes
Turn   | Place    | Note
-------+----------+-------------------------------------------
     0 | D:1      | MacCMillion the Troll Fighter began the quest for the Orb.
     0 | D:1      | Reached XP level 1. HP: 22/22 MP: 0/0
    81 | D:1      | Reached XP level 2. HP: 29/29 MP: 1/1
   357 | D:1      | Reached XP level 3. HP: 36/36 MP: 2/2
   607 | D:2      | Found a faded altar of an unknown god.
   947 | D:2      | Reached XP level 4. HP: 44/44 MP: 3/3
  1732 | D:3      | Found a sparkling altar of Nemelex Xobeh.
  1750 | D:3      | Found a glowing drain.
  1770 | Sewer    | Entered a sewer
  1786 | Sewer    | Noticed a kobold brigand
  1812 | Sewer    | Noticed a kobold brigand
  1812 | Sewer    | Noticed a kobold brigand
  1819 | Sewer    | Slain by a kobold brigand

Illustrated notes

Levels and vault maps discovered:
D:1:      amcnicky_arrival_flooded_fountain, layout_basic
D:2:      minmay_spotlight, layout_loops_corners,
          dreamdust_ecumenical_altar_grove
D:3:      layout_basic, mainiacjoe_overflow_24_doors,
          cheibrodos_sewer_entry_drain
Sewer:    sewer_co_15_rooms

Skill      XL: |  1  2  3  4 |
---------------+-------------+-----
Shields        | 3 |  3.4
Unarmed Combat | 3 |  3.9
Fighting       | 3 |  3.1
Dodging        | |  2.4

Action                   |  1- 3 |  4- 6 || total
-------------------------+-------+-------++-------
Melee: Unarmed           |   117 |    71 ||   188
  Use: Potion            |       |     1 ||     1
 Stab: Sleeping          |     1 |       ||     1
Armor: Robe              |    53 |    30 ||    83
Dodge: Dodged            |    56 |    36 ||    92
Block: Kite shield       |    42 |    41 ||    83
